 Dungeon Sprint DCSS version 0.22-a0-402-ga933591907 (webtiles) character file.

6979 Hephaistos the Bludgeoner (level 10, -12/92 HPs)
             Began as a Demonspawn Berserker on May 6, 2018.
             Was the Champion of Trog.
             Mangled by a dire elephant (20 damage)
             ... in the Dungeon (Sprint IX: "|||||||||||||||||||||||||||||").
             The game lasted 00:01:46 (978 turns).

Hephaistos the Bludgeoner (Demonspawn Berserker)     Turns: 978, Time: 00:01:47

Health: -12/92     AC: 23    Str: 24    XL:     10   Next: 81%
Magic:  10/10      EV: 10    Int:  9    God:    Trog [******]
Gold:   10         SH:  0    Dex: 12    Spells: 9/9 levels left

rFire    . . .     SeeInvis .   m - +2 dire flail (protect)
rCold    . . .     Gourm    .   (shield currently unavailable)
rNeg     . . .     Faith    .   p - +0 plate armour
rPois    .         Spirit   .   (helmet restricted)
rElec    .         Reflect  .   (no cloak)
rCorr    +         Harm     .   o - +0 pair of gloves
MR       .....     NoTele   +   n - +0 pair of boots
Stlth    ..........             (no amulet)
HPRegen  0.25/turn              r - +3 ring of strength
MPRegen  0.12/turn              s - ring of resist corrosion

@: protection aura, berserk cooldown, slowed, very slow
A: horns 2, foul stench 1, rot immunity
a: Berserk, Trog's Hand, Brothers in Arms, Renounce Religion


You were in the Dungeon.
You worshipped Trog.
Trog was exalted by your worship.
You were near starving.

You visited 1 branch You collected 10 gold pieces.

Inventory:

Hand Weapons
 m - a +2 dire flail of protection (weapon)
 v - a +2 antimagic dire flail
 w - a +2 antimagic mace
Armour
 n - a +0 pair of boots (worn)
 o - a +0 pair of gloves (worn)
 p - a +0 plate armour (worn)
Jewellery
 q - a +3 ring of intelligence
 r - a +3 ring of strength (left hand)
 s - a ring of resist corrosion (right hand)
Wands
 l - a wand of acid (10)
Scrolls
 i - 3 scrolls of blinking
 k - 5 scrolls of remove curse
 t - a scroll of identify
 u - 2 scrolls of fog
Potions
 a - a potion of brilliance
 b - a potion of resistance
 d - 5 potions of curing
 e - 9 potions of heal wounds
 f - a potion of haste
 g - 4 potions of magic
 h - a potion of berserk rage
 j - a potion of invisibility
Comestibles
 c - 16 chunks of flesh


   Skills:
 + Level 13.3 Fighting
 + Level 17.5 Maces & Flails
 + Level 7.8 Armour
 + Level 6.5 Dodging


You had 9 spell levels left.
You didn't know any spells.

Dungeon Overview and Level Annotations

Branches:
Dungeon (1/1)

Altars:
Cheibriados
Dithmenos
Elyvilon
Fedhas
Gozag
Hepliaklqana
Kikubaaqudgha
Makhleb
Nemelex Xobeh
Okawaru
Qazlal
Ru
Sif Muna
Trog
Uskayaw
Vehumet
Wu Jian
Xom
Yredelemnul
Zin
The Shining One
Beogh
Jiyva
Lugonu


Innate Abilities, Weirdness & Mutations

You have a pair of horns on your head.
You may emit foul miasma when damaged in melee.
You are immune to rotting.


Message History

You feel yourself slow down.
The dire elephant tramples you but does no damage.
The dire elephant trunk-slaps you but does no damage.
Found a +0 leather armour.
You impale the dire elephant!!
The dire elephant is moderately wounded.
The dire elephant tramples you!!
* * * LOW HITPOINT WARNING * * *
You stumble backwards!
You hit the dire elephant but do no damage.
The dire elephant is moderately wounded.
The dire elephant tramples you!
* * * LOW HITPOINT WARNING * * *
You stumble backwards!
You hit the dire elephant.
The dire elephant is moderately wounded.
Your plate armour prevents you from hitting the dire elephant.
The dire elephant is moderately wounded.
The dire elephant tramples you!!
You die...

▓▓▓▓▓▓▓▓▓▓▓▓▓▓▓▓▓▓▓▓▓▓▓▓▓▓▓▓▓▓▓▓▓
......'[....)|?.'________________
▓▓▓▓▓▓▓▓▓▓▓▓▓▓▓▓▓▓▓▓▓▓▓▓▓▓▓▓▓▓▓▓▓
.................................
▓▓▓▓▓▓▓▓▓▓▓▓▓▓▓▓▓▓▓▓▓▓▓▓▓▓▓▓▓▓▓▓▓
[......YY@.........†......
▓▓▓▓▓▓▓▓▓▓▓▓▓▓▓▓▓▓▓▓▓▓▓▓▓▓


You could see a dire elephant and an elephant.

Vanquished Creatures
  2 dire elephants (D)
  A centaur warrior (D)
  An ugly thing (D)
  A black mamba (D)
  4 elephants (D)
  2 spiny frogs (D)
  A komodo dragon (D)
  A wraith (D)
  A hungry ghost (D)
  2 water moccasins (D)
  4 porcupines (D)
  2 necrophages (D)
  4 crocodiles (D)
  4 bullfrogs (D)
  2 howler monkeys (D)
  An iguana (D)
  3 worker ants (D)
  A shadow imp (D)
  An adder skeleton (D)
  2 orcs (D)
  A goblin (D)
  2 jackals (D)
  A ball python skeleton (D)
  2 kobolds (D)
46 creatures vanquished.

Notes
Turn   | Place    | Note
-------+----------+-------------------------------------------
     0 | D        | Hephaistos the Demonspawn Berserker began the quest for the Orb.
     0 | D        | Reached XP level 1. HP: 18/18 MP: 1/1
    11 | D        | Reached skill level 3 in Maces & Flails
    13 | D        | Reached ** piety under Trog
    15 | D        | Reached skill level 4 in Maces & Flails
    86 | D        | Noticed a worker ant
    86 | D        | Noticed a howler monkey
    86 | D        | Noticed a howler monkey
    91 | D        | Killed a howler monkey
    91 | D        | Reached skill level 6 in Maces & Flails
    91 | D        | Gained mutation: You are immune to rotting. [demonic ancestry]
    91 | D        | Reached XP level 2. HP: 24/24 MP: 2/2
    91 | D        | Reached XP level 3. HP: 29/29 MP: 3/3
    94 | D        | Reached *** piety under Trog
    97 | D        | Reached skill level 7 in Maces & Flails
   103 | D        | Reached skill level 8 in Maces & Flails
   103 | D        | Gained mutation: You have a pair of small horns on your head. [demonic ancestry]
   103 | D        | Reached XP level 4. HP: 9/35 MP: 4/4
   366 | D        | Found a roughly hewn altar of Beogh.
   366 | D        | Found a snail-covered altar of Cheibriados.
   366 | D        | Found a shadowy altar of Dithmenos.
   366 | D        | Found a white marble altar of Elyvilon.
   366 | D        | Found a blossoming altar of Fedhas.
   366 | D        | Found an opulent altar of Gozag.
   367 | D        | Found a hazy altar of Hepliaklqana.
   368 | D        | Found a viscous altar of Jiyva.
   369 | D        | Found an ancient bone altar of Kikubaaqudgha.
   370 | D        | Found a corrupted altar of Lugonu.
   371 | D        | Found a burning altar of Makhleb.
   372 | D        | Found a sparkling altar of Nemelex Xobeh.
   373 | D        | Found an iron altar of Okawaru.
   374 | D        | Found a stormy altar of Qazlal.
   375 | D        | Found a sacrificial altar of Ru.
   376 | D        | Found a deep blue altar of Sif Muna.
   377 | D        | Found a bloodstained altar of Trog.
   378 | D        | Found a hide-covered altar of Uskayaw.
   379 | D        | Found a radiant altar of Vehumet.
   380 | D        | Found an ornate altar of the Wu Jian Council.
   381 | D        | Found a shimmering altar of Xom.
   382 | D        | Found a basalt altar of Yredelemnul.
   383 | D        | Found a glowing silver altar of Zin.
   384 | D        | Found a glowing golden altar of the Shining One.
   401 | D        | Found the +5 scythe "Finisher" {speed, Str+3}
   437 | D        | Noticed a necrophage
   437 | D        | Noticed a necrophage
   441 | D        | Reached **** piety under Trog
   441 | D        | Reached skill level 9 in Maces & Flails
   447 | D        | Killed a necrophage
   447 | D        | Reached skill level 5 in Fighting
   447 | D        | Reached skill level 10 in Maces & Flails
   447 | D        | Reached XP level 5. HP: 44/44 MP: 5/5
   456 | D        | Killed a necrophage
   456 | D        | Reached ***** piety under Trog
   456 | D        | Gained mutation: You may emit foul miasma when damaged in melee. [demonic ancestry]
   456 | D        | Reached XP level 6. HP: 36/52 MP: 6/6
   587 | D        | Noticed a hungry ghost
   587 | D        | Noticed a centaur warrior
   587 | D        | Noticed a green ugly thing
   587 | D        | Noticed a wraith
   589 | D        | Reached skill level 11 in Maces & Flails
   593 | D        | Killed a wraith
   593 | D        | Received a gift from Trog
   600 | D        | Killed a green ugly thing
   600 | D        | Reached skill level 12 in Maces & Flails
   600 | D        | Gained mutation: You have a pair of horns on your head. [demonic ancestry]
   600 | D        | Reached XP level 7. HP: 63/63 MP: 7/7
   606 | D        | Killed a centaur warrior
   606 | D        | Reached skill level 13 in Maces & Flails
   606 | D        | Reached skill level 5 in Dodging
   606 | D        | Reached XP level 8. HP: 72/72 MP: 8/8
   609 | D        | Reached skill level 10 in Fighting
   772 | D        | Noticed a spiny frog
   775 | D        | Reached skill level 14 in Maces & Flails
   778 | D        | Reached XP level 9. HP: 79/79 MP: 9/9
   779 | D        | Noticed a spiny frog
   783 | D        | Received a gift from Trog
   783 | D        | Reached skill level 5 in Armour
   784 | D        | Killed a spiny frog
   790 | D        | Reached skill level 15 in Maces & Flails
   795 | D        | Killed a spiny frog
   815 | D        | Noticed a komodo dragon
   815 | D        | Noticed a black mamba
   826 | D        | Killed a black mamba
   826 | D        | Received a gift from Trog
   831 | D        | Reached ****** piety under Trog
   840 | D        | Killed a komodo dragon
   847 | D        | Reached XP level 10. HP: 58/89 MP: 8/10
   849 | D        | Reached skill level 16 in Maces & Flails
   943 | D        | Noticed a dire elephant
   943 | D        | Noticed an elephant
   943 | D        | Noticed an elephant
   943 | D        | Noticed a dire elephant
   943 | D        | Noticed an elephant
   943 | D        | Noticed an elephant
   946 | D        | Killed an elephant
   947 | D        | Noticed an elephant
   953 | D        | Killed a dire elephant
   957 | D        | Noticed a dire elephant
   957 | D        | Killed an elephant
   963 | D        | Killed a dire elephant
   963 | D        | Reached skill level 17 in Maces & Flails
   968 | D        | Killed an elephant
   973 | D        | Killed an elephant
   978 | D        | Mangled by a dire elephant

Vault maps used:
D:        linesprint

Skill      XL: |  1  2  3  4  5  6  7  8  9 10 |
---------------+-------------------------------+-----
Maces & Flails | 6 8 10 12 13 14 15 17 | 17.5
Dodging        | 2 3 4 5 6 |  6.5
Fighting       | 5 6 8 9 10 11 13 | 13.3
Armour         | 2 3 4 6 7 |  7.8

Action                   |  1- 3 |  4- 6 |  7- 9 | 10-12 || total
-------------------------+-------+-------+-------+-------++-------
Melee: Mace              |    29 |     1 |       |       ||    30
       Dire flail        |       |    28 |    59 |    30 ||   117
       Headbutt          |       |     7 |    11 |    11 ||    29
Invok: Berserk           |     1 |     2 |     1 |     1 ||     5
       Trog's Hand       |       |       |     1 |       ||     1
  Eat: Chunk             |       |     1 |       |       ||     1
       Ration            |       |       |     1 |       ||     1
Armor: Animal skin       |     1 |       |       |       ||     1
       Plate armour      |       |    10 |    22 |    10 ||    42
Dodge: Dodged            |    13 |     5 |    12 |     6 ||    36

Table legend:
 A = Spawn XP
 B = Non-spawn XP
 C = Spawn XP percentage of total XP
 D = Spawn monster count
 E = Non-spawn monster count
 F = Spawn count percentage of total count
 G = Total turns spent on level
                    A         B        C        D         E        F      G
               +---------+---------+-------+---------+---------+-------+---------
         Total |       0 |    9970 |   0.0 |       0 |      46 |   0.0 |   978
               +---------+---------+-------+---------+---------+-------+---------
             D |       0 |    9970 |   0.0 |       0 |      46 |   0.0 |   978
               +---------+---------+-------+---------+---------+-------+---------
